 Dungeon Crawl Stone Soup version 0.31.0-12-g77e489cdc1 (webtiles) character file.

Game seed: 13921331280608587351

23 Killerpretzel the Changeling (level 2, -1/18 HPs)
             Began as an Octopode Shapeshifter on Feb 24, 2024.
             Slain by a jackal (2 damage)
             ... on level 2 of the Dungeon.
             The game lasted 00:01:02 (746 turns).

Killerpretzel the Changeling (Octopode Shapeshifter) Turns: 746, Time: 00:01:03

Health: -1/18      AC:  1    Str: 13    XL:     2   Next: 95%
Magic:  2/2        EV: 13    Int: 12    God:
Gold:   80         SH:  0    Dex: 11    Spells: 1/1 levels left

rFire   . .          .
                       - Unarmed
rCold   . . .        (no shield)
rNeg    . . .        (helmet currently unavailable)
rPois   .            (no amulet)
rElec   .            (no ring)
rCorr   .            (no ring)
SInv    .            (no ring)
Will    .....        (no ring)
Stlth   ++           (no ring)
HPRegen 0.23/turn    (no ring)
MPRegen 0.08/turn    (no ring)
                     (no ring)

%: no passive effects
@: beast-form
A: beast (slay +1), almost no armour, amphibious, 8 rings, camouflage 1,
gelatinous body 1, (nimble swimmer 1), tentacles
a: Begin Untransformation


You were on level 2 of the Dungeon.
You were a hulking beast.
You visited 1 branch of the dungeon, and saw 2 of its levels.

You collected 80 gold pieces.

Inventory:

Talismans
 b - a beast talisman
 c - a flux talisman
Potions
 a - a potion of lignification
 d - a potion of degeneration
 f - a potion of curing {unknown}


   Skills:
 + Level 1.4 Fighting
 + Level 2.3 Dodging
 + Level 3.2 Unarmed Combat
 * Level 3.3 Shapeshifting


You had one spell level left.
You didn't know any spells.
Your spell library was empty.

Dungeon Overview and Level Annotations

Branches:
Dungeon (2/15)

Altars:
Xom

Shops:
D:1 :


Innate Abilities, Weirdness & Mutations

You are a hulking beast.
Your limbs bulge with bestial killing power. (Slay +1)
You cannot wear most types of armour.
You are amphibious.
You can wear up to eight rings at the same time.
Your skin changes colour to match your surroundings (Stealth+).
Your rubbery body absorbs attacks. (AC +1, EV +1)
((You are camouflaged when in or above water. (Stealth+)))
You have tentacles for arms and can constrict up to eight enemies at once.


Message History

The jackal bites you but does no damage.
You tentacle-slap the jackal. Your squeeze misses the jackal.
The jackal is almost dead.
You constrict the jackal.
You kill the jackal!
The bat closely misses you. The ball python closely misses you.
The ball python completely misses you.
There are monsters nearby!
You tentacle-slap the bat.
You kill the bat!
The jackal bites you but does no damage.
The ball python bites you. The ball python barely misses you.
The jackal bites you.
The ball python attacks as it pursues you!
The ball python barely misses you. The ball python closely misses you.
You see here a bat corpse.
You tentacle-slap the ball python.
You kill the ball python!
The jackal bites you. The jackal attacks as it pursues you!
The jackal barely misses you. The jackal closely misses you.
You tentacle-slap the hobgoblin. Your grab misses the hobgoblin.
The hobgoblin is heavily wounded.
The jackal closely misses you. The hobgoblin hits you. The jackal bites you.
You tentacle-slap the hobgoblin. You grab the hobgoblin.
You squeeze the hobgoblin, but do no damage.
The hobgoblin is severely wounded.
You constrict the hobgoblin, but do no damage.
The jackal misses you. The hobgoblin closely misses you.
You barely miss the hobgoblin.
You squeeze the hobgoblin, but do no damage.
The hobgoblin is severely wounded.
You constrict the hobgoblin. The jackal bites you. The hobgoblin misses you.
You tentacle-slap the hobgoblin but do no damage.
The hobgoblin is almost dead.
You constrict the hobgoblin, but do no damage.
The jackal bites you. The hobgoblin hits you.
* * * LOW HITPOINT WARNING * * *
The jackal bites you.
You die...

.... #.#...# .._.
#.#...### ....
##.#..[..# ...
........ #..
####$#..# ####..###
#....†..#
#.....).###.....†.#
#..>..##g#..#
#.###.##h#††#####
#...<....h...$....
#.######.....#.###
#.. .........# ..#
###......... ####
##...##### ##.##
###


You could see a jackal and a hobgoblin.

Vanquished Creatures
  3 ball pythons
  2 bats (D:2)
  2 giant cockroaches
  4 goblins
  A hobgoblin (D:1)
  3 jackals (D:2)
  A kobold (D:1)
  A quokka (D:1)
  2 rats
19 creatures vanquished.

Notes
Turn   | Place    | Note
-------+----------+-------------------------------------------
     0 | D:1      | Killerpretzel the Octopode Shapeshifter began the quest for
                  | the Orb.
     0 | D:1      | Reached XP level 1. HP: 13/13 MP: 1/1
   129 | D:1      | Found Reng's Book Shop.
   213 | D:1      | Reached XP level 2. HP: 6/18 MP: 2/2
   489 | D:1      | Found a faded altar of an unknown god.
   689 | D:2      | Found a shimmering altar of Xom.
   746 | D:2      | Slain by a jackal

Illustrated notes

Levels and vault maps discovered:
D:1:      minmay_arrival_solitary_statue, layout_rooms,
          shapermc_ecumenical_altar_mp_vishouse, serial_shops,
          nicolae_diamond_shop
D:2:      layout_loops_ring, basic_altar, minmay_fractal_squares_gapless_5,
          uniq_robin

Action                     || total
---------------------------++-------
  Melee: Unarmed           ||    41
         Constrict         ||    12
         Tentacles         ||     6
    Use: Scroll            ||     2
   Stab: Sleeping          ||     1
 Armour: Skin              ||    28
  Dodge: Dodged            ||    36
